Unix NetHack Version 3.7.0-59 Work-in-progress - last build Jun 2 2022 03:59:05 (05420cef104f2102be295c3e72b2481733d3ab8f,branch:master). Game began 2022-06-01 08:32:02, ended 2022-06-02 21:04:00. elenmirie, lawful female human Samurai ----- ----------------- ---------------- - |...| |........)*[....| |......(......... --|| |.|.---.....)..---...^-----.-----...)......--------.|.( --|...........-| |---.....[.| |.............[%.|B...| -------......---..--------| |------[.....V-----.... ----..............."-----...| --...|....| |.... -----------..............| |...|....| |||( |.......---..".| ---..&...| --- ----------------------- |....---- --.@..-- |.....+..^..[......| ||.(.|.|| --...| |...%.........--...| |*|..|.(| |...- --.....^.......--...| ----...(..|| |... --...---------.......| |.|(.|((...-- ---....| |.| |....----- -----|%%..... ----.....-| --.--------.| |........ |.........---...........---------....--- ----...........--------.............-- ----..<......| ----------.....- |........|.| |.|... ------------ ----- Elenmirie the Ryoshu St:18/06 Dx:18 Co:18 In:9 Wi:9 Ch:6 Lawful Dlvl:27 $:0 HP:0(126) Pw:56(56) AC:1 Xp:14/80303 T:20784 Hungry Burdened Latest messages: The vampire bat bites! The vampire bat bites! You kill the vampire bat! The seemingly dead vampire bat suddenly transforms and rises as a vampire lady! The bone devil wields a long sword! You hit the vampire lady! The vampire lady hits! The vampire lady bites! The bone devil swings its long sword. The bone devil hits! The bone devil stings! You hit the vampire lady! The bone devil removes a scroll of identify from a large box. The vampire lady hits! The vampire lady bites! The vampire lady hits! The vampire lady bites! You hit the vampire lady! The bone devil swings its long sword. The bone devil hits! The bone devil stings! The vampire lady hits! The vampire lady bites! You hit Zefnar's ghost! You destroy Zefnar's ghost! The bone devil swings its long sword. The bone devil hits! The bone devil stings! The vampire bat bites! The vampire bat bites! Something is engraved here on the headstone. You read: "Wizards are wimps". The bone devil swings its long sword. The bone devil hits! The bone devil stings! A mysterious force prevents you from teleporting! You see here a human corpse. A mysterious force prevents you from teleporting! There is a grave here. Something is engraved here on the headstone. You read: "Zefnar, choked on a blue dragon corpse". There are many objects here. The bone devil swings its long sword. The bone devil hits! You die... Do you want your possessions identified? [ynq] (y) y Do you want to see your attributes? [ynq] (y) y Do you want an account of creatures vanquished? [ynaq] (y) y Do you want to see your conduct and achievements? [ynq] (y) y Do you want to see the dungeon overview? [ynq] (y) y Major events: Turn 1: elenmirie the lawful female human Samurai entered the dungeon 1115: attained the rank of Ronin (level 3) 1901: entered the Gnomish Mines 2473: attained the rank of Kunoichi (level 6) 2915: reached Mine Town 5376: entered Sokoban 5618: completed sokoban 1 6097: completed sokoban 2 7120: completed sokoban 3 7125: attained the rank of Joshu (level 10) 7945: completed sokoban 4 8216: acquired the Sokoban amulet of reflection 9483: destroyed Heliokopis' ghost, the former Conjurer 11546: acquired the Mines' End luckstone 13632: had Excalibur thrown at them by some watery tart 17701: made her first wish - "blessed fixed greased bag of holding" 20417: wished for "3 blessed scrolls of charging" 20419: made her first artifact wish - "blessed fixed Magic Mirror of Merlin" 20593: entered Gehennom 20746: found the Orb of Fate on the floor 20763: attained the rank of Ryoshu (level 14) 20777: destroyed Zefnar's ghost, the former Warrior 20784: killed by a bone devil Inventory: Amulets J - an uncursed amulet of life saving H - an uncursed amulet of reflection (being worn) Weapons d - an uncursed +0 ya (in quiver) c - an uncursed +0 yumi (alternate weapon; not wielded) a - the blessed rustproof +3 Excalibur (weapon in hand) g - a cursed rustproof +7 long sword named +7 Armor f - an uncursed +0 elven leather helm (being worn) h - a blessed rustproof +0 pair of gauntlets of power R - an uncursed burnt +0 pair of yugake (being worn) K - an uncursed +0 pair of speed boots (being worn) o - an uncursed +0 pair of water walking boots z - an uncursed +0 cloak of magic resistance (being worn) s - an uncursed +0 cloak of protection j - a cursed fireproof +3 oilskin cloak k - a blessed +0 dwarvish mithril-coat (being worn) l - a cursed greased +3 gray dragon scale mail Comestibles L - an uncursed lizard corpse Rings D - an uncursed ring of free action (on right hand) Tools w - a blessed greased bag of holding containing 109 items X - an empty uncursed sack n - an uncursed bugle Q - a blessed magic lamp (lit) b - the blessed Magic Mirror of Merlin e - an uncursed skeleton key P - an uncursed stethoscope x - an uncursed towel u - an uncursed +0 unicorn horn Gems/Stones q - an uncursed luckstone Contents of the bag of holding: 12827 gold pieces an uncursed fortune cookie 4 uncursed gunyoki 7 uncursed gunyoki 10 uncursed K-rations 7 uncursed lumps of royal jelly an uncursed sprig of wolfsbane an uncursed lizard corpse 2 uncursed scrolls of amnesia an uncursed scroll of confuse monster an uncursed scroll of confuse monster a cursed scroll of confuse monster an uncursed scroll of create monster 4 uncursed scrolls of create monster a cursed scroll of create monster 2 uncursed scrolls of destroy armor a cursed scroll of destroy armor a cursed scroll of destroy armor 3 uncursed scrolls of earth an uncursed scroll of enchant weapon a blessed scroll of fire an uncursed scroll of food detection a cursed scroll of food detection an uncursed scroll of gold detection an uncursed scroll of gold detection a cursed scroll of gold detection 2 blessed scrolls of identify an uncursed scroll of light 2 uncursed scrolls of magic mapping 2 uncursed scrolls of magic mapping 2 uncursed scrolls of scare monster an uncursed scroll of scare monster an uncursed scroll of scare monster 2 cursed scrolls of stinking cloud a blessed scroll of taming 3 uncursed scrolls of taming 2 blessed scrolls of teleportation a blessed scroll of teleportation an uncursed scroll of teleportation 5 uncursed scrolls of teleportation a cursed potion of acid a blessed potion of confusion a cursed potion of enlightenment an uncursed potion of extra healing a cursed potion of extra healing 4 uncursed potions of fruit juice a cursed potion of full healing an uncursed potion of gain ability an uncursed potion of gain energy a blessed potion of gain level an uncursed potion of gain level an uncursed potion of healing a cursed potion of healing a blessed potion of invisibility a cursed potion of invisibility a cursed potion of levitation an uncursed potion of monster detection an uncursed potion of object detection a blessed potion of paralysis an uncursed potion of paralysis an uncursed potion of sake 2 uncursed potions of sake a cursed potion of see invisible a blessed potion of sickness an uncursed potion of sickness an uncursed potion of sleeping an uncursed potion of sleeping 3 potions of holy water a potion of unholy water an uncursed ring of aggravate monster an uncursed ring of cold resistance an uncursed ring of cold resistance a cursed ring of cold resistance an uncursed ring of free action an uncursed ring of free action an uncursed ring of invisibility an uncursed ring of levitation an uncursed ring of polymorph control a cursed +1 ring of protection an uncursed ring of protection from shape changers an uncursed ring of protection from shape changers an uncursed ring of protection from shape changers an uncursed ring of searching an uncursed ring of searching an uncursed ring of see invisible a cursed ring of see invisible a cursed ring of shock resistance an uncursed ring of stealth an uncursed ring of teleport control an uncursed wand of cold (0:4) an uncursed wand of cold (0:4) an uncursed wand of create monster (0:10) an uncursed wand of digging (0:6) an uncursed wand of digging (0:6) an uncursed wand of digging (0:6) an uncursed wand of digging (0:3) an uncursed wand of digging (0:3) an uncursed wand of digging (0:2) an uncursed wand of fire (0:2) an uncursed wand of magic missile (0:4) an uncursed wand of magic missile (0:0) an uncursed wand of polymorph (0:3) an uncursed wand of probing (0:2) an uncursed wand of sleep (0:7) an uncursed wand of sleep (0:2) an uncursed wand of teleportation (0:4) an uncursed wand of wishing (1:2) a blessed magic lamp an uncursed tinning kit (0:61) Elenmirie the Samurai's attributes: Background: You were a Ryoshu, a level 14 female human Samurai. You were lawful, on a mission for Amaterasu Omikami who was opposed by Raijin (neutral) and Susanowo (chaotic). You were in Gehennom, on level 27. You entered the dungeon 20784 turns ago. You had 80303 experience points, 79697 more were needed to attain level 15. Basics: You had 0 out of 126 hit points. You had all 56 energy points (spell power). Your armor class was 1. Your wallet was empty. Autopickup was on for '$' plus thrown. Final Characteristics: Your strength was 18/06 (limit:18/100). Your dexterity was 18 (limit:18). Your constitution was 18 (limit:18). Your intelligence was 9 (limit:18). Your wisdom was 9 (limit:18). Your charisma was 6 (limit:18). Final Status: You were hungry. You were burdened; movement was slightly slowed. You were wielding a long sword. You had expert skill with long sword. Final Attributes: You were piously aligned. You were magic-protected. You were cold resistant. You were sleep resistant. You were shock resistant. You were poison resistant. You were level-drain resistant. You were telepathic. You had automatic searching. You could teleport. You were guarded. You were very fast. You had reflection. You had free action. You were very lucky. You had extra luck. Bad luck did not time out for you. Good luck did not time out for you. You are dead. Miscellaneous: You encountered 2 bones levels. Total elapsed playing time was 6 hours, 30 minutes and 18 seconds. Vanquished creatures: a storm giant a gold dragon an orange dragon 3 minotaurs a baluchitherium a titanothere 2 vampire leaders 3 liches 3 black puddings 2 vampires 2 lieutenants 5 ghosts 2 queen bees 4 giant mimics 4 long worms 2 zruties a fire giant 3 ogre tyrants 2 ice trolls 2 rock trolls a doppelganger a wumpus 2 air elementals 2 fire elementals an earth elemental a hill giant a giant mummy 2 xorns 3 giant zombies 3 elf-nobles 9 sergeants a warg 2 small mimics a glass piercer a steam vortex a xan 2 ettin mummies 3 ogre leaders 2 quantum mechanics a troll a sasquatch a wood golem 4 sharks 2 gelatinous cubes a freezing sphere a flaming sphere a shocking sphere 2 large cats 5 tigers a gargoyle 2 dwarf rulers 3 tengu 3 leocrottas an energy vortex a mountain centaur a stone giant an elf mummy 2 human mummies a red naga a python 13 wraiths a carnivorous ape 2 ettin zombies a Grey-elf 44 soldiers 6 amorous demons a chameleon a crocodile 5 giant beetles 2 quivering blobs 47 cockatrices a wolf 4 winter wolf cubs 2 lynxes a gremlin 4 leprechauns an iron piercer 4 mumakil 2 giant spiders a scorpion 2 horses an ice vortex a black light a vampire bat a forest centaur 6 gnome rulers an orc mummy a dwarf mummy 2 ogres 2 brown puddings 4 rust monsters 3 owlbears 3 yetis 2 gold golems 6 Green-elves 2 giant eels 8 lizards a chickatrice 2 dingoes 2 dogs a housecat 3 jaguars a dwarf leader 5 blue jellies a black unicorn 3 dust vortices 2 plains centaurs 2 gnome mummies 2 snakes 2 water moccasins 2 apes 10 human zombies 4 Woodland-elves 3 soldier ants 3 fire ants 10 bugbears 3 imps 3 mountain nymphs a Mordor orc 19 Uruk-hai 2 orc shamans a rock piercer 5 ponies a fog cloud 2 yellow lights a shrieker 3 violet fungi 22 gnome leaders 4 gnomish wizards 2 kobold mummies a black naga hatchling 4 gray oozes 3 elf zombies 3 ghouls 2 straw golems 6 giant ants 4 little dogs 9 floating eyes 2 kittens 3 dwarves 4 homunculi 2 kobold leaders 2 kobold shamans 8 hill orcs 18 rothes 2 rabid rats 2 centipedes 11 orc zombies 3 dwarf zombies a wererat a werejackal 2 iguanas 17 killer bees 2 acid blobs 5 coyotes 2 gas spores 2 hobbits a large kobold 11 hobgoblins 3 cave spiders 5 yellow molds 2 green molds a red mold 75 gnomes 5 garter snakes 5 gnome zombies 6 geckos 6 jackals a fox 4 kobolds 2 goblins 6 sewer rats 6 grid bugs 4 bats 10 lichens 2 kobold zombies 5 newts 718 creatures vanquished. No species were genocided or became extinct. Voluntary challenges: You read items or engraved 11 times. You never engraved Elbereth. You never genocided any monsters. You never polymorphed an object. You used 3 wishes (1 for an artifact). You did not violate any of the special Sokoban rules. Achievements: You entered a shop. You attained the rank of Ronin. You entered the Gnomish Mines. You attained the rank of Kunoichi. You entered Minetown. You entered a temple. You entered Sokoban. You attained the rank of Joshu. You completed Sokoban. You completed the Gnomish Mines. You learned the tune to open and close the Castle's drawbridge. You entered Gehennom. You attained the rank of Ryoshu. The Dungeons of Doom: levels 1 to 26 Level 1: Level 2: An armor shop. Level 3: A general store. Level 4: Stairs down to The Gnomish Mines. Level 5: Level 6: "expensive water in shop" A general store. Level 7: Oracle of Delphi. Level 8: "stash" Stairs up to Sokoban, level 7. Level 9: Level 10: Level 11: Level 12: A throne. Level 13: Many graves. Summoned by Lord Sato. Portal to The Quest. Level 14: "stash" An altar to Amaterasu Omikami, many graves. Level 15: Level 16: A primitive area. Level 17: An altar to Amaterasu Omikami. Level 18: A fountain. Level 19: A fountain. Level 20: An altar, a fountain. Level 21: A fountain, a grave. Level 22: Level 23: Level 24: Level 25: A fountain. Level 26: A fountain. The castle (play notes "GGAAA" to open or close drawbridge). Connection to Gehennom. Gehennom: Level 27: <- You were here. Many graves. Final resting place for you, killed by a bone devil, Zefnar-Val-Hum-Fem-Law, choked on a blue dragon corpse. The Gnomish Mines: levels 5 to 13 Level 5: Level 6: Level 7: Many shops, a temple, many fountains. Level 8: Level 9: Level 10: Final resting place for Heliokopis-Wiz-Gno-Mal-Neu, killed by a tengu. Level 11: Level 12: Level 13: The Quest: Level 1: Home. Sokoban: levels 7 up to 4 Level 4: Solved. Level 5: Solved. Level 6: Solved. Level 7: Solved. Game over: ---------- / \ / REST \ / IN \ / PEACE \ / \ | elenmirie | | 12827 Au | | killed by a bone | | devil | | | | | | 2022 | *| * * * | * _________)/\\_//(\/(/\)/\//\/|_)_______ Sayonara elenmirie the Samurai... You died in Gehennom on dungeon level 27 with 213679 points, and 12827 pieces of gold, after 20784 moves. You were level 14 with a maximum of 126 hit points when you died.